 Seeded DCSS version 0.31.0-12-g77e489cdc1 (webtiles) character file.

Game seed: 8421772382647293069 (custom seed)

487 n00bmints the Cudgeller (level 6, 0/56 HPs)
             Began as a Minotaur Berserker on Feb 17, 2024.
             Was a Believer of Trog.
             Slain by Duvessa
             ... wielding a +2 short sword of flaming
              (12 damage)
             ... on level 4 of the Dungeon.
             The game lasted 00:18:51 (3358 turns).

n00bmints the Cudgeller (Minotaur Berserker)        Turns: 3358, Time: 00:18:52

Health: 0/56       AC:  9    Str: 23    XL:     6   Next: 89%
Magic:  5/5        EV:  9    Int:  4    God:    Trog [**....]
Gold:   121        SH:  0    Dex: 10    Spells: 5/5 levels left

rFire   . . .        m - +1 flail (heavy)
rCold   . . .        (no shield)
rNeg    + . .        i - +0 chain mail
rPois   .            (helmet restricted)
rElec   .            (no cloak)
rCorr   .            (no gloves)
SInv    .            (no boots)
Will    .....        (no amulet) Stlth
                     p - ring of positive energy
HPRegen 0.29/turn    (no ring)
MPRegen 0.09/turn

%: no passive effects
@: about to teleport, on berserk cooldown, slowed, very slow
A: horns 2, retaliatory headbutt
a: Renounce Religion, Berserk, Trog's Hand


You were on level 4 of the Dungeon.
You worshipped Trog.
Trog was pleased with you.
You visited 1 branch of the dungeon, and saw 4 of its levels.
You also visited: Sewer.

You collected 121 gold pieces.

Inventory:

Hand Weapons
 a - a +0 mace
 m - a +1 heavy flail (weapon)
 u - a +0 war axe
Armour
 b - a +0 animal skin
 i - a +0 chain mail (worn)
Jewellery
 p - a ring of positive energy (left hand)
Wands
 t - a wand of charming (6)
 x - a wand of quicksilver (5)
Scrolls
 c - a scroll of summoning {unknown}
 e - a scroll of teleportation
 f - a scroll of enchant weapon {unknown}
 h - a scroll of poison {unknown}
 k - a scroll of torment {unknown}
 l - 2 scrolls of identify
 n - a scroll of enchant armour {unknown}
Potions
 d - a potion of mutation {unknown}
 g - a potion of enlightenment {unknown}
 j - 2 potions of curing {unknown}
 o - 2 potions of degeneration {unknown}
 q - 6 potions of haste {unknown}
 r - 4 potions of might {unknown}
 s - a potion of berserk rage {unknown}
 v - a potion of invisibility {unknown}
 w - a potion of lignification {unknown}
 z - a potion of heal wounds {unknown}
 A - a potion of brilliance {unknown}


   Skills:
 * Level 5.4 Fighting
 * Level 7.1 Maces & Flails
 * Level 4.8 Armour
 + Level 2.7 Dodging
 - Level 0.1 Stealth


You had 5 spell levels left.
You didn't know any spells.
Your spell library was empty.

Dungeon Overview and Level Annotations

Branches:
Dungeon (4/15)              Sewer (visited)
 Temple: D:4-7

Altars:
Ashenzari
Dithmenos
Vehumet
Yredelemnul

Shops:
D:2 (

Annotations:
D:4 Duvessa


Innate Abilities, Weirdness & Mutations

You have a pair of horns on your head.
You reflexively headbutt those who attack you in melee.


Message History

Duvessa burns you. The hound bites you but does no damage.
The ball python bites you. The ball python constricts you.
You are too injured to fight recklessly!
You are too injured to fight recklessly!
Unknown command.
You are too injured to fight recklessly!
You are too injured to fight recklessly!
You are too injured to fight recklessly!
You are too injured to fight recklessly!
You are too injured to fight recklessly!
You escape the ball python's grasp.
Duvessa rages.
The hound attacks as it pursues you! The hound bites you.
You feel a strong urge to attack something.
Duvessa attacks as she pursues you! Duvessa hits you but does no damage.
The hound attacks as it pursues you! The hound bites you but does no damage.
You feel your anger nearly subside.
You are no longer berserk.
You are exhausted.
You feel yourself slow down.
Duvessa hits you with a +2 short sword of flaming.
Duvessa burns you.
You hit Duvessa. Your headbutt misses Duvessa.
Duvessa is lightly wounded.
Duvessa hits you with a +2 short sword of flaming.
* * * LOW HITPOINT WARNING * * *
Duvessa burns you.
* * * LOW HITPOINT WARNING * * *
Duvessa hits you but does no damage. Duvessa barely misses you.
As you read the scroll labelled WENKOO ICRADOTS, it crumbles to dust.
It is a scroll of identify.
e - 2 scrolls of teleportation Duvessa hits you but does no damage.
Duvessa hits you with a +2 short sword of flaming.
* * * LOW HITPOINT WARNING * * *
Duvessa burns you.
* * * LOW HITPOINT WARNING * * *
As you read the scroll of teleportation, it crumbles to dust.
You feel strangely unstable.
Duvessa hits you with a +2 short sword of flaming!
You die...

+ #. #.. ##
#...#######..##
..............#
............... #...
#@# ...
.###...###e####...
..........hS......
..................
................
#......)..##... ####
#....##'### ..
#...##....##...##...
#...................


You could see Duvessa (berserk), a hound and a ball python.

Vanquished Creatures
  A kobold brigand (Sewer)
  A phantom (Sewer)
  A necrophage (Sewer)
  Dowan (D:4)
  An iguana (D:4)
  7 gnolls
  3 adders (D:2)
  2 shadow imps (Sewer)
  4 ufetubi (Sewer)
  2 ribbon worms
  3 orcs
  3 ball pythons (D:2)
  8 bats
  7 endoplasms
  2 giant cockroaches (D:4)
  3 goblins
  5 hobgoblins
  6 jackals
  3 quokkas
  2 frilled lizards
  A giant cockroach zombie (Sewer)
  18 kobolds
  2 kobold zombies (Sewer)
86 creatures vanquished.

Vanquished Creatures (others)
  A ball python (D:3)
1 creature vanquished.

Grand Total: 87 creatures vanquished

Notes
Turn   | Place    | Note
-------+----------+-------------------------------------------
     0 | D:1      | n00bmints the Minotaur Berserker began the quest for the
                  | Orb.
     0 | D:1      | Reached XP level 1. HP: 19/19 MP: 0/0
   328 | D:1      | Reached XP level 2. HP: 25/27 MP: 1/1
   499 | D:1      | Reached skill level 4 in Maces & Flails
   520 | D:1      | Found a faded altar of an unknown god.
   651 | D:2      | Found Wyise's Antique Weapon Shop.
   711 | D:2      | Found a radiant altar of Vehumet.
   741 | D:2      | Reached XP level 3. HP: 30/33 MP: 2/2
  1079 | D:2      | Reached XP level 4. HP: 41/41 MP: 3/3
  1183 | D:2      | Reached skill level 5 in Maces & Flails
  1482 | D:2      | Reached ** piety under Trog
  1885 | D:3      | Found a runed translucent door.
  1885 | D:3      | Noticed a human
  1887 | D:3      | Found a basalt altar of Yredelemnul.
  1889 | D:3      | Found a shadowy altar of Dithmenos.
  2063 | D:3      | Reached XP level 5. HP: 27/47 MP: 4/4
  2156 | D:3      | Found a broken altar of Ashenzari.
  2782 | D:4      | Found a glowing drain.
  2787 | Sewer    | Entered a sewer
  3060 | Sewer    | Reached skill level 6 in Maces & Flails
  3077 | Sewer    | Reached skill level 5 in Fighting
  3077 | Sewer    | Noticed a phantom
  3081 | Sewer    | Reached XP level 6. HP: 56/56 MP: 5/5
  3119 | Sewer    | Found an ancient bone altar of Kikubaaqudgha.
  3335 | D:4      | Noticed Dowan
  3336 | D:4      | Noticed Duvessa
  3349 | D:4      | Killed Dowan
  3350 | D:4      | Reached skill level 7 in Maces & Flails
  3358 | D:4      | Slain by Duvessa

Illustrated notes

Levels and vault maps discovered:
D:1:      mushboom_english_gardens, layout_basic,
          dilly_ecumenical_altar_fadedgnrine
D:2:      layout_rooms, basic_altar, serial_shops, shop, minmay_door_square,
          patterned_corridor
D:3:      layout_basic, lemuel_doored_altar, dk_yredelemnul_ordeal,
          grunt_dithmenos_smoke
D:4:      layout_gridville, mainiacjoe_overflow_swirl,
          pdpol_wu_jian_five_deadly_venoms, gup_sewer_entry_bowl,
          ebering_ghost_sewer_d, uniq_duvessa

Skill      XL: |  1  2  3  4  5  6 |
---------------+-------------------+-----
Maces & Flails | 4 5 6 7 |  7.1
Fighting       | 4 5 |  5.4
Armour         | 3 4 |  4.8
Dodging        | |  2.7
Stealth        | |  0.1

Action                     |  1- 3 |  4- 6 || total
---------------------------+-------+-------++-------
  Melee: Mace              |    49 |     2 ||    51
         Headbutt          |     3 |    13 ||    16
         Flail             |       |   107 ||   107
         Punch             |       |     2 ||     2
 Invoke: Berserk           |     1 |     8 ||     9
    Use: Scroll            |       |     2 ||     2
   Stab: Sleeping          |     1 |       ||     1
 Armour: Animal skin       |     6 |       ||     6
         Chain mail        |    30 |   152 ||   182
  Dodge: Dodged            |    13 |    99 ||   112
